 Dungeon Crawl Stone Soup version 0.28-a0-779-g3d1f99b579 (webtiles) character file.

Game seed: 994045227932396830

221 avis the Skirmisher (level 6, -4/49 HPs)
             Began as a Djinni Warper on Nov 2, 2021.
             Shot with a bolt by a kobold (8 damage)
             ... on level 5 of the Dungeon on Nov 3, 2021.
             The game lasted 00:20:24 (5402 turns).

avis the Skirmisher (Djinni Warper)                 Turns: 5402, Time: 00:20:24

Health: -4/49      AC:  9    Str: 10    XL:     6   Next: 18%
Gold:   218        EV:  4    Int: 16    God:
                   SH:  0    Dex: 13

rFire   + + .      SeeInvis .   a - +8 mace of the Dripping Messenger {vorpal, rC++}
rCold   + . .      Faith    .   (no shield)
rNeg    + . .      Spirit   .   x - +0 chain mail
rPois   ∞          Reflect  .   C - +0 helmet
rElec   .          Harm     .   (no cloak)
rCorr   .          Rampage  .   (no gloves)
Will    .....                   (boots unavailable)
Stlth   ..........              (no amulet)
HPRegen 0.16/turn               e - ring of positive energy
MPRegen 0.00/turn               (no ring)

@: flying
A: sickness immunity, fire resistance 2, cold vulnerability 1, float, innate
caster, hp casting, extra vitality 1
a: no special abilities


You were on level 5 of the Dungeon.
You visited 1 branch of the dungeon, and saw 5 of its levels.

You collected 218 gold pieces.

Inventory:

Hand Weapons
 a - the +8 mace of the Dripping Messenger (weapon) {vorpal, rC++}
   (You found it on level 4 of the Dungeon)

   It inflicts extra damage upon your enemies.
   rC:        It greatly protects you from cold.
 b - a +0 hunting sling
 w - a +1 whip of electrocution
 A - a +3 dagger of venom
Missiles
 c - 5 boomerangs of dispersal (quivered)
 d - 55 arrows
 f - 155 stones
 l - 4 javelins
 t - 71 sling bullets
 z - 26 bolts
Armour
 j - a +0 scale mail
 u - a +0 ring mail
 x - a +0 chain mail (worn)
 C - a +0 helmet (worn)
Magical Staves
 o - a staff of earth
Jewellery
 e - a ring of positive energy (left hand)
 i - a ring of ice
 D - a ring of fire
Scrolls
 g - 3 scrolls of blinking
 n - a scroll of fear {unknown}
 p - 5 scrolls of teleportation {unknown}
 q - a scroll of noise {unknown}
 r - a scroll of immolation {unknown}
 v - 4 scrolls of identify {unknown}
 y - a scroll of silence {unknown}
Potions
 h - a potion of lignification {unknown}
 k - 3 potions of haste {unknown}
 m - a potion of curing {unknown}
 s - a potion of resistance {unknown}
 B - 2 potions of brilliance {unknown}


   Skills:
 * Level 5.5 Fighting
 - Level 0.7 Throwing
 - Level 1.0 Armour
 - Level 2.1 Dodging
 - Level 2.0 Unarmed Combat
 - Level 3.0 Spellcasting


You couldn't memorise any spells.
You knew the following spells:

 Your Spells              Type           Power      Damage    Failure   Level
a - Animate Skeleton      Necr           24%        N/A       99%         1
b - Blink                 Tloc           24%        N/A       100%        2
c - Passwall              Tmut/Erth      10%        N/A       100%        2
g - Gell's Gravitas       Tloc           12%        N/A       100%        3
k - Lesser Beckoning      Tloc           12%        N/A       100%        3
o - Teleport Other        Tloc           12%        N/A       100%        3
M - Manifold Assault      Tloc           12%        N/A       100%        5
Your spell library was empty.


Dungeon Overview and Level Annotations

Branches:
Dungeon (5/15)
 Temple: D:4-7

Altars:
Elyvilon
Okawaru
Zin
The Shining One

Shops:
D:4 =


Innate Abilities, Weirdness & Mutations

You are immune to sickness and miasma.
You are immune to poison.
Your flesh is very heat resistant. (rF++)
You are vulnerable to cold. (rC-)
You float through the air rather than walking.
You learn spells naturally, not from books.
Your magical power is your life essence.
You have superior vitality. (+4 HP)


Message History

You completely miss the kobold brigand.
The kobold brigand hits you with a +0 short sword. x2
You hit the kobold brigand.
The kobold brigand is moderately wounded.
The kobold brigand hits you with a +0 short sword.
You hit the kobold brigand.
The kobold brigand is heavily wounded.
The kobold brigand hits you with a +0 short sword!
The kobold brigand hits you with a +0 short sword.
You barely miss the kobold brigand.
The kobold brigand is heavily wounded.
The kobold brigand hits you but does no damage.
You barely miss the kobold brigand.
The kobold brigand is heavily wounded.
The kobold brigand hits you but does no damage.
Your chain mail prevents you from hitting the kobold brigand.
The kobold brigand is heavily wounded.
The kobold brigand hits you with a +0 short sword! x2
* * * LOW HITPOINT WARNING * * *
You hit the kobold brigand but do no damage.
The kobold brigand is heavily wounded.
The kobold brigand hits you with a +0 short sword.
* * * LOW HITPOINT WARNING * * *
Okay, then.
You thump the kobold brigand!
The kobold brigand is almost dead.
The kobold brigand hits you but does no damage.
The kobold brigand hits you with a +0 short sword.
* * * LOW HITPOINT WARNING * * *
Your chain mail prevents you from hitting the kobold brigand.
The kobold brigand is almost dead.
The kobold brigand hits you but does no damage.
You barely miss the kobold brigand.
The kobold brigand is almost dead.
The kobold brigand hits you with a +0 short sword.
* * * LOW HITPOINT WARNING * * *
You thump the kobold brigand!
You kill the kobold brigand!
The kobold shoots a bolt.
The bolt hits you!
You die... ..>...... ##. ......... ##.. ......... ##... ........# ##.... ......# ###...## .KKK#

##....## #KK#
##....## #)#
##...### ##@##
##...##
##...####...##
#.....#....####
#..###.........##
#...###...........#
..##
#.............# ..#
##............# #
## ###..........# #
####....#### #.


You could see 5 kobolds.

Vanquished Creatures
  A kobold brigand (D:5)
  A hound (D:5)
  Ijyb (D:3)
  2 iguanas (D:4)
  Robin (D:4)
  A howler monkey skeleton (D:5)
  An adder (D:3)
  3 adder skeletons (D:4)
  A worm (D:2)
  A dart slug (D:1)
  An orc (D:3)
  3 endoplasms
  A giant cockroach (D:2)
  14 goblins
  8 hobgoblins
  3 jackals (D:3)
  3 quokkas
  2 ball pythons
  5 bats
  4 frilled lizards
  9 kobolds
  3 rats
69 creatures vanquished.

Notes
Turn   | Place    | Note
-------+----------+-------------------------------------------
     0 | D:1      | avis the Djinni Warper began the quest for the Orb.
     0 | D:1      | Reached XP level 1. HP: 18/18 MP: 0/0
   347 | D:1      | Reached XP level 2. HP: 24/24 MP: 0/0
   709 | D:1      | Reached skill level 3 in Fighting
  1315 | D:2      | Reached XP level 3. HP: 24/30 MP: 0/0
  1315 | D:2      | Learned a level 1 spell: Animate Skeleton
  1537 | D:2      | Found a faded altar of an unknown god.
  2393 | D:2      | Upgraded the game from 0.28-a0-773-g130ae17fe5 to
                  | 0.28-a0-779-g3d1f99b579
  3012 | D:3      | Found an iron altar of Okawaru.
  3013 | D:3      | Found a glowing silver altar of Zin.
  3014 | D:3      | Found a glowing golden altar of the Shining One.
  3014 | D:3      | Found a white marble altar of Elyvilon.
  3394 | D:4      | Identified the +8 mace of the Dripping Messenger {vorpal,
                  | rC++}
  3466 | D:4      | Noticed a necrophage
  3590 | D:4      | Reached skill level 4 in Fighting
  3590 | D:4      | Reached XP level 4. HP: 37/37 MP: 0/0
  3632 | D:4      | Noticed Ijyb
  3635 | D:4      | Paralysed by Ijyb for 7 turns
  3649 | D:4      | Paralysed by Ijyb for 6 turns
  3928 | D:3      | Paralysed by Ijyb for 2 turns
  3934 | D:3      | Killed Ijyb
  3935 | D:3      | Reached XP level 5. HP: 12/42 MP: 0/0
  3935 | D:3      | Learned a level 2 spell: Passwall
  4554 | D:4      | Noticed Robin
  4562 | D:4      | Killed Robin
  4563 | D:4      | Reached skill level 5 in Fighting
  4903 | D:4      | Found Tilorghosch's Jewellery Boutique.
  5263 | D:5      | Entered Level 5 of the Dungeon
  5296 | D:5      | Noticed an ogre
  5340 | D:5      | Noticed an acid dragon
  5374 | D:5      | Reached XP level 6. HP: 49/49 MP: 0/0
  5402 | D:5      | Shot with a bolt by a kobold

Illustrated notes

Levels and vault maps discovered:
D:1:      dpeg_arrival_three_same_balls, layout_loops_corners
D:2:      layout_loops_corners, chequers_ecumenical_altar_twisty
D:3:      layout_loops_ring, mainiacjoe_overflow_alcove_3
D:4:      layout_layer_cave, serial_shops, shop, uniq_ijyb, uniq_robin
D:5:      layout_cave_pods, portal_sewer_entry_b, minmay_manual_monolith

Skill      XL: |  1  2  3  4  5 |
---------------+----------------+-----
Fighting       | 3 4 5 |  5.5
Spellcasting   | 3 |  3.0
Throwing       | |  0.7
Armour         | |  1.0
Dodging        | |  2.1
Unarmed Combat | |  2.0

Action                   |  1- 3 |  4- 6 || total
-------------------------+-------+-------++-------
Melee: Club              |    51 |       ||    51
       Unarmed           |     7 |       ||     7
       Mace              |    50 |    84 ||   134
       Whip              |    43 |       ||    43
 Cast: Animate Skeleton  |     4 |       ||     4
Armor: Leather armour    |    15 |       ||    15
       Scale mail        |    60 |       ||    60
       Chain mail        |       |   120 ||   120
Dodge: Dodged            |    77 |    26 ||   103

Table legend: (Time is in decaauts)
 A = Elapsed time spent in this place.
 B = Non-inter-level travel time spent in this place.
 C = Inter-level travel time spent in this place.
 D = Time resting spent in this place.
 E = Time spent auto-exploring this place.
 F = Levels seen in this place.
 G = Mean time per level.
                   A        B        C        D        E       F      G
               +--------+--------+--------+--------+--------+-----+--------+
         Total |   5484 |   4995 |    489 |   1175 |   2783 |   5 | 1096.8 |
       Dungeon |   5484 |   4995 |    489 |   1175 |   2783 |   5 | 1096.8 |
               +--------+--------+--------+--------+--------+-----+--------+

Top non-repeatable levels by time:
     D:2: 1631 daAuts
     D:4: 1325 daAuts
     D:3: 1295 daAuts
     D:1: 1123 daAuts
     D:5: 107 daAuts
